 Dungeon Sprint DCSS version 0.20-a0-633-gff4aa5c (webtiles) character file.

214 LORDOFBUTT the Jinx (level 5, 0/24 HPs)
             Began as a Spriggan Enchanter on Feb 12, 2017.
             Was an Initiate of Gozag.
             Splashed by a jelly's acid (6 damage)
             ... in the Dungeon (Sprint IX: "|||||||||||||||||||||||||||||").
             The game lasted 00:01:47 (562 turns).

LORDOFBUTT the Jinx (Spriggan Enchanter)             Turns: 562, Time: 00:01:48

Health: 0/24       AC: -1    Str:  4    XL:     5   Next: 59%
Magic:  10/17      EV: 19    Int: 17    God:    Gozag
Gold:   0          SH:  0    Dex: 17    Spells: 15/21 levels left

rFire    . . .     SeeInvis +   q - +2 rapier (drain)
rCold    . . .     Gourm    .   b - +0 robe
rNeg     . . .     Faith    .   (shield restricted)
rPois    .         Spirit   .   (helmet restricted)
rElec    .         Reflect  .   n - +0 cloak
rCorr    .         Harm     .   (gloves unavailable)
MR       .....     NoTele   +   (boots unavailable)
Stlth    ++++......             (no amulet)
Regen    0.1/turn               (no ring)
                                (no ring)

@: corroded, gold aura, very quick
A: unfitting armour, see invisible, herbivore 3, speed 3, slow metabolism 2
a: Potion Petition, Call Merchant, Bribe Branch, Renounce Religion


You were in the Dungeon.
You worshipped Gozag.
Gozag was noncommittal.
You were not hungry.

You visited 1 branch

Inventory:

Hand Weapons
 q - a +2 rapier of draining (weapon)
Armour
 b - a +0 robe (worn)
 n - a +0 cloak (worn)
Jewellery
 o - a +2 ring of protection
 p - a +3 ring of dexterity
Wands
 m - a wand of lightning (7/15)
Scrolls
 j - 2 scrolls of blinking
 k - 3 scrolls of remove curse
 l - 2 scrolls of amnesia
Potions
 e - 5 potions of curing
 f - 3 potions of heal wounds
 g - a potion of haste
 h - 4 potions of magic
 i - a potion of invisibility
Books
 c - a book of Maledictions

   Spells                             Type                      Level
   a - Corona                         Hexes                        1
   b - Ensorcelled Hibernation        Hexes/Ice                    2
   c - Confuse                        Hexes                        3
   d - Tukima's Dance                 Hexes                        3
   e - Dazzling Spray                 Conjuration/Hexes            3
Comestibles
 d - a bread ration


   Skills:
 - Level 1.4 Short Blades
 - Level 3.4 Dodging
 + Level 9.0 Stealth
 * Level 8.7 Spellcasting
 * Level 9.1 Hexes
 + Level 2.5 Ice Magic


You had 15 spell levels left.
You knew the following spells:

 Your Spells              Type           Power        Failure   Level  Hunger
a - Corona                Hex            #####..      1%          1    None
b - Ensorcelled Hibernat  Hex/Ice        ####..       1%          2    None
c - Confuse               Hex            #####...     1%          3    #......


Dungeon Overview and Level Annotations

Branches:
Dungeon (1/1)

Altars:
Cheibriados
Dithmenos
Elyvilon
Fedhas
Gozag
Hepliaklqana
Kikubaaqudgha
Makhleb
Nemelex Xobeh
Okawaru
Qazlal
Ru
Sif Muna
Trog
Uskayaw
Vehumet
Xom
Yredelemnul
Zin
The Shining One
Beogh
Jiyva
Lugonu


Innate Abilities, Weirdness & Mutations

You are very small and have problems with some larger weapons.
You are too small for most types of armour.
You have supernaturally acute eyesight. (SInv)
You are a herbivore.
You cover ground extremely quickly.
You need consume almost no food.


Message History

Your Hexes skill increases to level 9!
Your Ice Magic skill increases to level 2!
Things that are here:
117 gold pieces; an uncursed shortbow; 27 arrows You puncture the jelly!
The jelly is no longer distracted by gold.
The acid corrodes you!
Your hands burn!
The jelly is heavily wounded.
The jelly misses you. x2
You hit the jelly. You drain the jelly!
Your hands burn!
The jelly is severely wounded.
The jelly hits you.
You are splashed with acid!
The acid burns!
* * * LOW HITPOINT WARNING * * *
You barely miss the jelly.
The jelly is severely wounded.
The jelly hits you.
* * * LOW HITPOINT WARNING * * *
You are splashed with acid!
The acid burns!
You die...
Your body crumbles into a pile of gold. $$$$$ $ $ $ $$$$$ $$$$$$$ ▓▓▓▓▓▓▓▓▓▓▓▓▓▓▓▓▓▓▓▓▓▓▓▓▓▓ +.....$WJ@$[.)|..'._______ ▓▓▓▓▓▓▓▓▓▓▓▓▓▓▓▓▓▓▓▓▓▓▓▓▓▓

You could see a hungry ghost and a jelly.

Vanquished Creatures
  An ogre (D)
  A centaur (D)
  A hound (D)
  An iguana (D)
  2 shadow imps (D)
  An adder skeleton (D)
  A dart slug (D)
  A goblin (D)
  A hobgoblin (D)
  A ball python (D)
  A frilled lizard (D)
  A giant cockroach zombie (D)
  A rat (D)
14 creatures vanquished.

Notes
Turn   | Place    | Note
-------+----------+-------------------------------------------
     0 | D        | LORDOFBUTT the Spriggan Enchanter began the quest for the Orb.
     0 | D        | Reached XP level 1. HP: 9/9 MP: 5/5
    23 | D        | Reached skill level 5 in Stealth
   210 | D        | Noticed a hound
   210 | D        | Noticed an iguana
   214 | D        | Killed an iguana
   214 | D        | Reached skill level 5 in Spellcasting
   214 | D        | Reached skill level 5 in Hexes
   214 | D        | Reached XP level 2. HP: 13/13 MP: 6/9
   214 | D        | Reached XP level 3. HP: 16/16 MP: 6/10
   251 | D        | Reached XP level 4. HP: 9/21 MP: 10/13
   271 | D        | Learned a level 2 spell: Ensorcelled Hibernation
   275 | D        | Learned a level 3 spell: Confuse
   285 | D        | Found a roughly hewn altar of Beogh.
   285 | D        | Found a snail-covered altar of Cheibriados.
   285 | D        | Found a shadowy altar of Dithmenos.
   285 | D        | Found a white marble altar of Elyvilon.
   285 | D        | Found a blossoming altar of Fedhas.
   285 | D        | Found an opulent altar of Gozag.
   286 | D        | Found a hazy altar of Hepliaklqana.
   287 | D        | Found a viscous altar of Jiyva.
   288 | D        | Found an ancient bone altar of Kikubaaqudgha.
   289 | D        | Found a corrupted altar of Lugonu.
   290 | D        | Found a burning altar of Makhleb.
   291 | D        | Found a sparkling altar of Nemelex Xobeh.
   292 | D        | Found an iron altar of Okawaru.
   461 | D        | Became a worshipper of Gozag Ym Sagoz the Greedy
   462 | D        | Found a stormy altar of Qazlal.
   463 | D        | Found a sacrificial altar of Ru.
   464 | D        | Found a deep blue altar of Sif Muna.
   465 | D        | Found a bloodstained altar of Trog.
   466 | D        | Found a hide-covered altar of Uskayaw.
   467 | D        | Found a radiant altar of Vehumet.
   468 | D        | Found a shimmering altar of Xom.
   469 | D        | Found a basalt altar of Yredelemnul.
   470 | D        | Found a glowing silver altar of Zin.
   471 | D        | Found a glowing golden altar of the Shining One.
   523 | D        | Noticed a hungry ghost
   523 | D        | Noticed a centaur
   523 | D        | Noticed an ogre
   552 | D        | Killed an ogre
   552 | D        | Reached skill level 1 in Ice Magic
   552 | D        | Reached XP level 5. HP: 22/24 MP: 11/16
   558 | D        | Killed a centaur
   562 | D        | Splashed by a jelly's acid

Vault maps used:
D:        linesprint

Skill      XL: |  1  2  3  4  5 |
---------------+----------------+-----
Spellcasting   | 5 6 7 8 |  8.7
Hexes          | 5 7 8 9 |  9.1
Stealth        | 6 7 8 9 |  9.0
Ice Magic      | 1 2 |  2.5
Short Blades   | |  1.4
Dodging        | |  3.4

Action                   |  1- 3 |  4- 6 || total
-------------------------+-------+-------++-------
Melee: Dagger            |    49 |       ||    49
       Rapier            |       |    20 ||    20
 Cast: Confuse           |       |     2 ||     2
       Ensorcelled Hiber |       |     1 ||     1
  Use: Potion            |     1 |       ||     1
 Stab: Sleeping          |     2 |     1 ||     3
Armor: Robe              |     4 |     1 ||     5
Dodge: Dodged            |    35 |    15 ||    50
